 Dungeon Crawl Stone Soup version 0.19-a0-944-gb338e1e (webtiles) character file.

15855 TheGoonsmith the Destroyer (level 12, -8/59 HPs)
             Began as a Gargoyle Fire Elementalist on July 9, 2016.
             Was an Elder of Vehumet.
             Mangled by a catoblepas (27 damage)
             ... on level 1 of the Lair of Beasts.
             The game lasted 00:25:28 (14301 turns).

TheGoonsmith the Destroyer (GrFE)                  Turns: 14301, Time: 00:25:28

Health: -8/59      AC: 16    Str: 12    XL:     12   Next: 31%
Magic:  8/33       EV: 12    Int: 21    God:    Vehumet [****..]
Gold:   665        SH:  4    Dex: 10    Spells: 7 memorised, 6 levels left

rFire  + . .     SeeInvis +     B - +4 whip
rCold  x . .     Gourm    .     D - +2 robe {MR+}
rNeg   + . .     Faith    .     (no shield)
rPois  ∞         Spirit   .     n - +0 helmet
rElec  +         Dismiss  .     N - +0 cloak
rCorr  .         Reflect  +     m - +1 pair of gloves
SustAt .         Harm     .     (no boots)
MR     +....     Clarity  +     j - +4 amulet of reflection
Stlth  ++........               w - ring of magical power
                                g - ring of fire

@: somewhat resistant to hostile enchantments, unstealthy
A: see invisible, clarity, negative energy resistance 1, electricity resistance,
unbreathing, petrification resistance, rot immunity, AC +8
a: Renounce Religion


You were on level 1 of the Lair of Beasts.
You worshipped Vehumet.
Vehumet was greatly pleased with you.
You were hungry.

You visited 3 branches of the dungeon, and saw 14 of its levels.
You also visited: Sewer.

You collected 665 gold pieces.

Inventory:

Hand Weapons
 f - a +0 flail of holy wrath
 t - a +0 mace
 B - a +4 whip (weapon)
Armour
 a - a +0 robe
 m - a +1 pair of gloves (worn)
 n - a +0 helmet (worn)
 D - a +2 robe of magic resistance (worn)
 I - the +8 large shield "Lowoaju" {rPois rN+}
   (You found it on level 7 of the Dungeon)

   It protects you from poison.
   It protects you from negative energy.
 N - a +0 cloak (worn)
Jewellery
 g - a ring of fire (left hand)
 j - a +4 amulet of reflection (around neck)
 k - an uncursed ring of protection from magic
 w - a ring of magical power (right hand)
Wands
 E - a wand of polymorph (12/24)
 H - a wand of random effects (16/48)
 J - a wand of disintegration (4/24)
 O - a wand of polymorph (11/24)
 T - a wand of acid (7/15)
Scrolls
 d - a scroll of fog {unknown}
 l - 8 scrolls of remove curse
 q - 2 scrolls of enchant weapon {unknown}
 r - 3 scrolls of identify
 s - 4 scrolls of recharging
 u - a scroll of immolation
 x - 2 scrolls of magic mapping
 y - 5 scrolls of teleportation
 F - a scroll of enchant armour
 K - 2 scrolls of fear
 U - a scroll of vulnerability {unknown}
Potions
 e - 4 potions of haste
 h - 8 potions of flight
 i - 4 potions of heal wounds
 o - 2 potions of degeneration {unknown}
 p - 3 potions of magic
 z - 9 potions of curing
 C - a potion of might
 M - 3 potions of brilliance {unknown}
 P - a potion of agility {unknown}
 V - a potion of lignification {unknown}
Books
 b - a book of Flames

   Spells                             Type                      Level
   a - Flame Tongue                   Conjuration/Fire             1
   b - Throw Flame                    Conjuration/Fire             2
   c - Conjure Flame                  Conjuration/Fire             3
   d - Inner Flame                    Hexes/Fire                   3
   e - Sticky Flame                   Conjuration/Fire             4
   f - Fireball                       Conjuration/Fire             5
 A - the Disquisition on Warped Weightlessness
   (You found it on level 5 of the Dungeon)

   Spells                             Type                      Level
   a - Swiftness                      Charms/Air                   2
   b - Blink                          Translocation                2
   c - Static Discharge               Conjuration/Air              3
   d - Mephitic Cloud                 Conjuration/Poison/Air       3
   e - Airstrike                      Air                          4
   f - Deflect Missiles               Charms/Air                   6
 Q - a book of Air

   Spells                             Type                      Level
   a - Shock                          Conjuration/Air              1
   b - Swiftness                      Charms/Air                   2
   c - Repel Missiles                 Charms/Air                   2
   d - Static Discharge               Conjuration/Air              3
   e - Lightning Bolt                 Conjuration/Air              5
 R - a book of Summonings

   Spells                             Type                      Level
   a - Recall                         Summoning/Translocation      3
   b - Aura of Abjuration             Summoning                    5
   c - Summon Demon                   Summoning                    5
   d - Summon Forest                  Summoning/Translocation      5
   e - Summon Mana Viper              Hexes/Summoning              5
   f - Shadow Creatures               Summoning                    6
Comestibles
 c - 8 bread rations
 v - 6 meat rations
 G - 12 fruits
 L - 6 beef jerkies
 S - a chunk of flesh


   Skills:
 - Level 1.5 Dodging
 - Level 2.1 Stealth
 - Level 8.1 Spellcasting
 * Level 14.1 Conjurations
 - Level 12.0 Fire Magic


You had 6 spell levels left.
You knew the following spells:

 Your Spells              Type           Power        Failure   Level  Hunger
a - Flame Tongue          Conj/Fire      #####        1%          1    None
b - Swiftness             Chrm/Air       #.......     12%         2    None
c - Conjure Flame         Conj/Fire      #######.     1%          3    None
e - Blink                 Tloc           N/A          12%         2    None
f - Fireball              Conj/Fire      #######...   1%          5    #####..
s - Sticky Flame          Conj/Fire      #######.     1%          4    ###....
x - Iskenderun's Mystic   Conj           ######..     1%          4    ###....


Dungeon Overview and Level Annotations

Branches:
Dungeon (12/15)            Temple (1/1) D:6            Lair (1/6) D:10
    Orc (0/2) D:9

Altars:
Ashenzari
Cheibriados
Dithmenos
Elyvilon
Fedhas
Gozag
Hepliaklqana
Kikubaaqudgha
Makhleb
Nemelex Xobeh
Okawaru
Pakellas
Ru
Trog
Uskayaw
Vehumet
Xom
Yredelemnul
Zin
The Shining One

Shops:
D:5 }

Annotations:
D:8 plsesad's ghost, novice MiBe


Innate Abilities, Weirdness & Mutations

You are resistant to torment.
Your stone body is resilient. (AC +8)
You are immune to poison.
You resist negative energy. (rN+)
You are resistant to electric shocks. (rElec)
You can survive without breathing.
You are immune to petrification.
You are immune to rotting.
You have supernaturally acute eyesight. (SInv)
You possess an exceptional clarity of mind.


Message History

The catoblepas is covered in liquid flames!
The catoblepas burns!
The catoblepas gores you!!
Casting: Sticky Flame
Confirm with . or Enter, or press ? or * to list all spells.
Aiming: Flame Tongue
Press: ? - help, Shift-Dir - straight line, f/p - catoblepas
Aim: a catoblepas (almost dead, covered in liquid flames)
You feel a surge of power!
The flame tongue hits the catoblepas.
The catoblepas appears unharmed.
The catoblepas is almost dead.
The catoblepas burns!
The catoblepas barely misses you.
Casting: Flame Tongue
Confirm with . or Enter, or press ? or * to list all spells.
Aiming: Flame Tongue
Press: ? - help, Shift-Dir - straight line, f/p - catoblepas
Aim: a catoblepas (almost dead, covered in liquid flames)
You feel a surge of power!
The flame tongue hits the catoblepas.
The catoblepas is almost dead.
The catoblepas burns!
The catoblepas gores you!!
You die...

.................................
.....(...........<...............
#####...(########....#######....#
##....## #§...# ##..... #......#
#§..## ##.....# ###....## ##..(#
##.....## #P.....## #....#
##......# ###.....## #.§..#
#......## #
#......###@...####......# #
##.......##Y..#........## ##
##...................## P#
##.................## .##
###.............### ..#
###..........## ..## ####...#####
...## #...# # ....### #...# ###


You could see a catoblepas (burning).

Vanquished Creatures
  A hydra (D:11)
  Harold (D:10)
  An unseen horror (D:10)
  4 hill giants
  Pikel (D:5)
  A cyclops (D:11)
  The ghost of TheGoonsmith the Destroyer, a novice DEFE of Vehumet (D:7)
  Joseph (D:9)
  A gargoyle (D:11)
  2 spiny frogs (Lair:1)
  A troll (D:10)
  8 yaks
  2 wyverns
  A hippogriff (D:11)
  4 basilisks (D:10)
  2 wargs (D:9)
  2 hungry ghosts
  A mottled dragon (D:11)
  A soldier ant (D:11)
  2 porcupines (D:10)
  A slave (D:5)
  4 orc warriors
  A water moccasin (Lair:1)
  2 sky beasts
  10 ogres
  2 ice beasts (D:9)
  3 centaurs
  6 phantoms
  5 crocodiles
  4 big kobolds
  6 giant frogs
  A scorpion (D:8)
  18 killer bees
  3 howler monkeys
  8 wights
  An electric eel (D:8)
  2 crimson imps
  3 giant frog zombies (D:9)
  2 centaur zombies
  A jelly (D:9)
  4 hounds
  8 orc priests
  A gnoll shaman (D:4)
  5 orc wizards
  2 centaur skeletons
  Natasha (thrice) (D:3)
  3 iguanas (Lair:1)
  2 worker ants
  5 sheep (D:10)
  A hound skeleton (D:7)
  A worker ant zombie (D:10)
  Robin (D:3)
  10 gnolls
  13 adders
  11 river rats
  2 shadow imps (D:6)
  4 adder skeletons
  5 worms
  A dart slug (D:1)
  8 giant geckos
  31 orcs
  2 ball pythons
  9 bats
  6 giant cockroaches
  12 goblins
  20 hobgoblins
  4 jackals (D:5)
  A quokka (D:7)
  2 giant newts
  31 kobolds
  A quokka skeleton (D:10)
  12 rats
  A plant (D:8)
343 creatures vanquished.

Vanquished Creatures (others)
  A crimson imp (D:5)
  A kobold (D:3)
  2 bushes (D:10)
  3 fungi (D:10)
  11 plants (D:10)
18 creatures vanquished.

Grand Total: 361 creatures vanquished

Notes
Turn   | Place    | Note
-------+----------+-------------------------------------------
     0 | D:1      | TheGoonsmith the Gargoyle Fire Elementalist began the quest for the Orb.
     0 | D:1      | Reached XP level 1. HP: 10/10 MP: 3/3
   300 | D:1      | Reached skill level 2 in Conjurations
   300 | D:1      | Reached XP level 2. HP: 15/15 MP: 1/5
   752 | D:1      | Reached XP level 3. HP: 19/19 MP: 0/6
  1419 | D:2      | Found a sparkling altar of Nemelex Xobeh.
  1419 | D:2      | Found an opulent altar of Gozag.
  1537 | D:2      | Reached XP level 4. HP: 24/24 MP: 3/7
  1582 | D:2      | Reached skill level 3 in Conjurations
  2240 | D:3      | Reached XP level 5. HP: 21/28 MP: 0/9
  2370 | D:3      | Noticed Natasha
  2375 | D:3      | Killed Natasha
  2375 | D:3      | Reached skill level 4 in Conjurations
  2543 | D:3      | Noticed Natasha
  2559 | D:3      | Killed Natasha
  2850 | D:3      | Noticed Natasha
  2854 | D:3      | Killed Natasha
  2858 | D:3      | Reached XP level 6. HP: 25/32 MP: 1/10
  3237 | D:3      | Noticed Robin
  3291 | D:3      | Killed Robin
  3758 | D:4      | Reached skill level 5 in Conjurations
  3857 | D:4      | Learned a level 4 spell: Sticky Flame
  3861 | D:4      | Learned a level 3 spell: Conjure Flame
  4096 | D:4      | Reached XP level 7. HP: 27/36 MP: 12/12
  4298 | D:4      | Reached skill level 5 in Fire Magic
  4826 | D:5      | Entered Level 5 of the Dungeon
  4886 | D:5      | Reached skill level 6 in Conjurations
  5046 | D:5      | Noticed Pikel
  5061 | D:5      | Killed Pikel
  5061 | D:5      | Reached skill level 7 in Conjurations
  5061 | D:5      | Reached XP level 8. HP: 30/41 MP: 8/15
  5224 | D:5      | Found Felas's Quality Used Wands.
  5380 | D:5      | Identified the Disquisition on Warped Weightlessness
  5855 | D:6      | Reached skill level 5 in Spellcasting
  5869 | D:6      | Reached XP level 9. HP: 36/45 MP: 11/16
  5878 | D:6      | Reached skill level 8 in Conjurations
  5978 | D:6      | Found a glowing drain.
  5982 | Sewer    | Entered a sewer
  6212 | Sewer    | Found a white marble altar of Elyvilon.
  6325 | D:6      | Found a staircase to the Ecumenical Temple.
  6334 | Temple   | Entered the Ecumenical Temple
  6406 | Temple   | Became a worshipper of Vehumet
  6468 | D:6      | Found an iron altar of Okawaru.
  6662 | D:6      | Found a white marble altar of Elyvilon.
  6663 | D:6      | Found a snail-covered altar of Cheibriados.
  6963 | D:7      | Learned a level 5 spell: Fireball
  6966 | D:7      | Learned a level 2 spell: Blink
  6969 | D:7      | Learned a level 2 spell: Swiftness
  7395 | D:7      | Got a dazzling large shield
  7423 | D:7      | Identified the +8 large shield "Lowoaju" {rPois rN+} (You found it on level 7 of the Dungeon)
  7545 | D:7      | Noticed TheGoonsmith's ghost (novice DEFE)
  7557 | D:7      | Killed TheGoonsmith's ghost
  7557 | D:7      | Reached skill level 9 in Conjurations
  8049 | D:7      | Reached * piety under Vehumet
  8049 | D:7      | Offered knowledge of Shock by Vehumet.
  8049 | D:7      | Reached XP level 10. HP: 50/50 MP: 19/19
  8444 | D:8      | HP: 2/50 [ogre/giant spiked club (9)]
  8446 | D:8      | Reached skill level 10 in Conjurations
  8759 | D:8      | Noticed plsesad's ghost (novice MiBe)
  9500 | D:9      | Found a staircase to the Orcish Mines.
  9529 | D:9      | Reached ** piety under Vehumet
  9529 | D:9      | Offered knowledge of Freeze by Vehumet.
  9530 | D:9      | Reached skill level 10 in Fire Magic
  9707 | D:9      | Gained mutation: You possess an exceptional clarity of mind. [potion of beneficial mutation]
  9708 | D:9      | Gained mutation: You have supernaturally acute eyesight. (SInv) [potion of beneficial mutation]
  9753 | D:9      | Noticed Joseph
  9763 | D:9      | Killed Joseph
  9763 | D:9      | Reached skill level 11 in Conjurations
 10563 | D:10     | Entered Level 10 of the Dungeon
 10569 | D:10     | Found a glowing silver altar of Zin.
 10619 | D:10     | Noticed Harold
 10626 | D:10     | Killed Harold
 10626 | D:10     | Reached XP level 11. HP: 39/54 MP: 15/22
 11068 | D:10     | Offered knowledge of Searing Ray by Vehumet.
 11072 | D:10     | Noticed an unseen horror
 11077 | D:10     | Killed an unseen horror
 11079 | D:10     | Reached *** piety under Vehumet
 11088 | D:10     | Noticed a hill giant
 11292 | D:10     | Reached skill level 12 in Conjurations
 11348 | D:10     | Offered knowledge of Iskenderun's Mystic Blast by Vehumet.
 11371 | D:9      | Learned a level 4 spell: Iskenderun's Mystic Blast
 11833 | D:10     | Found a staircase to the Lair.
 12053 | D:10     | Killed a hill giant
 12294 | D:11     | Noticed a hill giant
 12300 | D:11     | Killed a hill giant
 12326 | D:11     | Reached **** piety under Vehumet
 12408 | D:11     | Offered knowledge of Lightning Bolt by Vehumet.
 12552 | D:11     | Noticed a seven-headed hydra
 12556 | D:11     | Killed a seven-headed hydra
 12893 | D:11     | Noticed a hill giant
 12901 | D:11     | Killed a hill giant
 13014 | D:11     | Reached XP level 12. HP: 58/59 MP: 24/24
 13065 | D:11     | Reached skill level 13 in Conjurations
 13691 | Lair:1   | Entered Level 1 of the Lair of Beasts
 14048 | Lair:1   | Reached skill level 14 in Conjurations
 14291 | Lair:1   | Noticed a catoblepas
 14301 | Lair:1   | Mangled by a catoblepas

Vault maps used:
D:1:      evilmike_arrival_crescent, corexii_leaking_fountain,
          minmay_misc_feat_secret_circle, st_stairs_10
D:2:      grunt_temple_overflow_opulence
D:3:      uniq_natasha, uniq_robin
D:4:      first_bread
D:5:      nrook_uturn, nicolae_for_you_no_charge, uniq_pikel
D:6:      nicolae_overflow_hidden_temple, basic_altar, gup_sewer_entry_bowl
D:7:      grunt_ogre_cave
D:8:      corexii_shack_village, serial_bayou, serial_bayou_pond_e,
          serial_bayou_lake_a, serial_bayou_ford_a, serial_bayou_pond_c,
          serial_bayou_pond_a, serial_bayou_crossing
D:9:      david_orc_1_choice, uniq_joseph
D:10:     minmay_lair_entry_grove, basic_altar, grunt_decor_resistance,
          uniq_harold
D:12:     serial_undead, serial_undead_c, serial_undead_f, serial_undead_b,
          serial_undead_e, special_room, kennysheep_nondescript,
          nicolae_ru_path_of_blood
Temple:   nicolae_temple_elliptical
Sewer:    sewer_kobolds

Skill      XL: |  1  2  3  4  5  6  7  8  9 10 11 12 |
---------------+-------------------------------------+-----
Conjurations   | 2 3 4 5 7 9 11 12 14 | 14.1
Spellcasting   | 3 4 5 6 7 8 |  8.1
Fire Magic     | 4 6 7 9 10 12 | 12.0
Dodging        | |  1.5
Stealth        | |  2.1

Action                   |  1- 3 |  4- 6 |  7- 9 | 10-12 || total
-------------------------+-------+-------+-------+-------++-------
Melee: Unarmed           |    49 |       |       |       ||    49
       Club              |    17 |       |       |       ||    17
       Morningstar       |       |    12 |       |       ||    12
       Mace              |       |    34 |       |       ||    34
       Whip              |       |       |    44 |    34 ||    78
 Cast: Flame Tongue      |    60 |   144 |   204 |   394 ||   802
       Sticky Flame      |       |       |    17 |    35 ||    52
       Conjure Flame     |       |       |     4 |     7 ||    11
       Fireball          |       |       |     3 |    53 ||    56
       Iskenderun's Myst |       |       |       |     3 ||     3
  Use: Potion            |     1 |       |       |     2 ||     3
       Scroll            |       |     7 |     5 |     4 ||    16
  Eat: Chunk             |     3 |     8 |     8 |    23 ||    42
       Meat ration       |       |       |     1 |     1 ||     2
       Beef jerky        |       |       |     1 |     2 ||     3
       Pizza             |       |       |     1 |       ||     1
       Bread ration      |       |       |       |     1 ||     1
Armor: Robe              |    34 |    34 |    34 |    88 ||   190
Dodge: Dodged            |    80 |    73 |    46 |   153 ||   352
Block: Other             |       |     8 |    26 |    46 ||    80
       Reflection        |       |     1 |       |     4 ||     5
